AoeStats
← Iamak3186

Arabia

505098466Analyzed
1v1 RM · 25d ago on Sep 7, 2026· 60m 47s· 2 players
Game mode
Random Map
Map size
Tiny (2 player)
Population
200
Speed
Normal
Resources
Standard
Victory
Conquest
Starting age
Dark Age
Ending age
Imperial Age
RankedLock teamsTeams togetherTeam positionsShared explorationLock speedFull tech treeHidden civsTurbo modeCheats
Victory
Defeat
🇺🇸 Lithuanians · United States
1241
+15
🇮🇳 Mongols · India
1218
-15
Iamak3186
7:48 Feudal Age
7:51 Loom
8:19 Double-Bit Axe
17:56 Wheelbarrow
17:37 Horse Collar
20:49 Castle Age
20:18 Scale Barding Armor
20:51 Bloodlines
20:42 Fletching
20:57 Crossbowman
21:50 Bow Saw
21:32 Horse Collar
28:34 Light Cavalry
31:11 Bodkin Arrow
32:02 Heavy Plow
32:21 Hand Cart
31:51 Town Watch
32:42 Chain Barding Armor
32:32 Forging
33:32 Gold Mining
33:34 Stone Mining
34:45 Husbandry
35:21 Iron Casting
35:00 Thumb Ring
38:17 Imperial Age
36:47 Bodkin Arrow
38:57 Ballistics
43:53 Hussar
48:50 Chemistry
51:17 Bracer
glenjerman878
7:05 Loom
10:46 Feudal Age
11:20 Double-Bit Axe
16:00 Horse Collar
19:48 Castle Age
19:33 Scale Barding Armor
20:12 Bloodlines
21:37 Forging
26:26 Heavy Plow
27:17 Wheelbarrow
27:23 Bow Saw
31:09 Hand Cart
31:56 Iron Casting
31:44 Gold Mining
31:24 Elite Skirmisher
32:22 Pikeman
33:56 Scale Mail Armor
34:09 Fletching
39:48 Imperial Age
37:25 Husbandry
40:47 Chain Barding Armor
40:23 Bodkin Arrow
40:44 Chain Mail Armor
40:29 Padded Archer Armor
39:54 Halberdier
41:26 Conscription
46:54 Crop Rotation
46:51 Cavalier
48:23 Light Cavalry
49:38 Ballistics
53:31 Winged Hussar
54:49 Squires
54:34 Arson
Connection lost

Rejoining the realm…

Still unreachable

The connection could not be restored.

Session expired

The server has moved on; the page needs a fresh start.